 Dungeon Crawl Stone Soup version 0.29-a0-721-g7f417c9bbb (webtiles) character file.

Game seed: 14870098316814948113

2172 bjtr the Skirmisher (level 9, -3/43 HPs)
             Began as a Spriggan Arcane Marksman on June 27, 2022.
             Was a Follower of Elyvilon.
             Slain by a bullfrog (5 damage)
             ... in a bailey on June 28, 2022.
             The game lasted 01:07:24 (9927 turns).

bjtr the Skirmisher (Spriggan Arcane Marksman)      Turns: 9927, Time: 01:07:25

Health: -3/43      AC:  5    Str:  6    XL:     9   Next: 11%
Magic:  18/18      EV: 20    Int: 15    God:    Elyvilon [*.....]
Gold:   480        SH:  0    Dex: 19    Spells: 3/18 levels left

rFire   . . .      SeeInvis +   a - +1 shortbow (flame)
rCold   + . .      Faith    .   (shield currently unavailable)
rNeg    . . .      Spirit   .   H - +2 robe {Will+}
rPois   .          Reflect  .   u - +1 hat
rElec   .          Harm     .   (no cloak)
rCorr   .          Rampage  .   (gloves unavailable)
Will    ++...                   (boots unavailable)
Stlth   ++........              (no amulet)
HPRegen 0.14/turn               n - ring of protection from cold
MPRegen 0.16/turn               (no ring)

@: hasted, invisible, very quick
A: very small, no large weapons, unfitting armour, see invisible, speed 3
a: Renounce Religion, Purification


You were in a bailey.
You worshipped Elyvilon.
Elyvilon was aware of your devotion.
You visited 2 branches of the dungeon, and saw 9 of its levels.
You also visited: Bailey.

You collected 480 gold pieces.

Inventory:

Hand Weapons
 a - a +1 shortbow of flaming (weapon)
 b - a +0 rapier of flaming
 e - a +0 short sword
 m - a +2 dagger of speed
 p - a +0 long sword
 v - a +2 flail of protection
 x - a +4 spear of freezing
 C - a +2 short sword of speed
 F - a +0 vorpal sling
Missiles
 d - 2 atropa-tipped darts
 i - 64 stones
 j - 14 poisoned darts
 o - a boomerang of dispersal
 s - a throwing net
Armour
 c - a +1 robe
 u - a +1 hat (worn)
 H - a +2 robe of willpower (worn)
Jewellery
 n - a ring of protection from cold (left hand)
Wands
 q - a wand of iceblast (1)
 D - a wand of flame (18)
Scrolls
 f - 5 scrolls of teleportation
 g - 2 scrolls of vulnerability
 t - 2 scrolls of amnesia
 y - 5 scrolls of identify
Potions
 h - a potion of might
 k - 2 potions of curing
 l - a potion of berserk rage
 r - 3 potions of heal wounds
 w - a potion of haste
 z - a potion of lignification {unknown}
 A - a potion of brilliance {unknown}
 B - a potion of ambrosia {unknown}
 G - a potion of degeneration {unknown}


   Skills:
 + Level 2.5 Fighting
 * Level 4.3 Short Blades
 * Level 9.1 Ranged Weapons
 * Level 5.7 Dodging
 + Level 3.4 Stealth
 * Level 5.4 Spellcasting
 * Level 6.4 Hexes
 + Level 0.3 Fire Magic
 + Level 0.7 Evocations


You had 3 spell levels left.
You knew the following spells:

 Your Spells              Type           Power      Damage    Failure   Level
a - Slow                  Hex            92%        N/A       1%          1
b - Portal Projectile     Hex/Tloc       26%        N/A       12%         3
c - Inner Flame           Hex/Fire       14%        N/A       12%         3
d - Ensorcelled Hibernat  Hex/Ice        26%        N/A       6%          2
e - Cause Fear            Hex            11%        N/A       11%         4
f - Passwall              Tmut/Erth      3%         N/A       24%         2

Your spell library contained the following spells:

 Spells                   Type           Power      Damage    Failure   Level
 Sting                    Tmut/Pois      16%        1d3       16%         1
 Poisonous Vapours        Pois/Air       8%         N/A       24%         2
 Swiftness                Air            4%         N/A       43%         3
 Olgreb's Toxic Radiance  Pois           4%         N/A       83%         4


Dungeon Overview and Level Annotations

Branches:
Dungeon (8/15)             Temple (1/1) D:6          Bailey (1/1)
   Lair: D:8-11

Altars:
Ashenzari
Cheibriados
Dithmenos
Elyvilon
Fedhas
Gozag
Hepliaklqana
Kikubaaqudgha
Makhleb
Nemelex Xobeh
Okawaru
Qazlal
Ru
Sif Muna
Trog
Uskayaw
Vehumet
Wu Jian
Xom
Yredelemnul
Zin
The Shining One

Shops:
D:6 *


Innate Abilities, Weirdness & Mutations

You are very small and have problems with some larger weapons.
You are too small for most types of armour.
You have supernaturally acute eyesight. (SInv)
You cover ground extremely quickly. (Speed+++)


Message History

The bullfrog hits you. The bullfrog misses you.
The bullfrog closely misses you.
Unknown command.
Fire: a) +1 shortbow (flame)
Press: ? - help, Shift-Dir - straight line, f/p - bullfrog
Aim: a bullfrog (heavily wounded, 61% to hit)
You shoot an arrow. The arrow closely misses the bullfrog.
The bullfrog hits you but does no damage.
The bullfrog hits you! The bullfrog closely misses you.
Unknown command.
Fire: a) +1 shortbow (flame)
Press: ? - help, Shift-Dir - straight line, f/p - bullfrog
Aim: a bullfrog (heavily wounded, 61% to hit)
You shoot an arrow. The arrow closely misses the bullfrog.
The bullfrog hits you.
* * * LOW HITPOINT WARNING * * *
The bullfrog completely misses you. x2; The bullfrog hits you.
* * * LOW HITPOINT WARNING * * *
You enter the shallow water.
Moving in this stuff is going to be slow.
An orc comes into view. It is wielding a +0 hand axe.
The bullfrog completely misses you. The bullfrog completely misses you.
You feel much better. The bullfrog hits you. The bullfrog misses you.
The bullfrog hits you. The bullfrog barely misses you.
You fade into invisibility!
The bullfrog hits you. The bullfrog barely misses you.
You feel yourself speed up. The bullfrog completely misses you.
The bullfrog hits you. The bullfrog completely misses you.
The bullfrog hits you but does no damage.
The bullfrog attacks as you move away! The bullfrog misses you.
The orc shouts!
The orc warrior hits you with a +0 hand axe!
* * * LOW HITPOINT WARNING * * *
An orc comes into view. It is wielding a +0 hand axe.
The orc shouts!
The bullfrog hits you!
* * * LOW HITPOINT WARNING * * *
The bullfrog hits you.
You die...

##### ##...##
#..∩..+
#.....##### ##
#..∩..'≈≈≈## .o.
##...##≈≈≈≈#....
#####≈≈≈≈≈'o..
#≈oF≈≈#...
##F@≈## .. #####


You could see an orc warrior, 2 bullfrogs and 2 orcs.

Vanquished Creatures
  A water moccasin (D:6)
  An ice beast (D:6)
  2 sky beasts
  2 black bears
  An ogre (D:4)
  A centaur (D:5)
  A kobold brigand (D:6)
  4 bullfrogs
  A necrophage (D:4)
  3 gnoll sergeants (D:5)
  3 scorpions
  A gnoll shaman (D:5)
  3 orc priests
  5 iguanas
  2 orc wizards (D:8)
  A mummy (D:6)
  Robin (D:3)
  18 gnolls
  5 adders
  2 white imps (D:6)
  An ufetubus (D:6)
  2 worms
  A dart slug (D:2)
  15 orcs
  14 ball pythons
  2 endoplasms
  2 giant cockroaches
  7 hobgoblins
  8 jackals
  2 quokkas
  9 bats
  2 frilled lizards
  18 goblins
  17 kobolds
  11 rats
169 creatures vanquished.

Notes
Turn   | Place    | Note
-------+----------+-------------------------------------------
     0 | D:1      | bjtr the Spriggan Arcane Marksman began the quest for the
                  | Orb.
     0 | D:1      | Reached XP level 1. HP: 9/9 MP: 3/3
   303 | D:1      | Found a faded altar of an unknown god.
   354 | D:1      | Reached skill level 1 in Stealth
   354 | D:1      | Reached XP level 2. HP: 14/14 MP: 3/5
   979 | D:1      | Reached skill level 1 in Short Blades
   991 | D:1      | Reached skill level 3 in Ranged Weapons
  1118 | D:1      | Reached XP level 3. HP: 17/17 MP: 3/6
  1676 | D:2      | Learned a level 3 spell: Portal Projectile
  1785 | D:2      | Found a blossoming altar of Fedhas.
  1971 | D:2      | Reached XP level 4. HP: 21/21 MP: 5/7
  2316 | D:3      | Reached skill level 4 in Ranged Weapons
  2351 | D:3      | Upgraded the game from 0.29-a0-717-g6dac4ea423 to
                  | 0.29-a0-721-g7f417c9bbb
  2930 | D:3      | Noticed Robin
  2989 | D:3      | Killed Robin
  3424 | D:4      | Noticed a scorpion
  3444 | D:4      | Killed a scorpion
  3445 | D:4      | Reached skill level 1 in Fighting
  3445 | D:4      | Reached XP level 5. HP: 25/25 MP: 6/9
  3468 | D:4      | Learned a level 3 spell: Inner Flame
  3482 | D:4      | Found a sparkling altar of Nemelex Xobeh.
  3847 | D:5      | Entered Level 5 of the Dungeon
  4018 | D:4      | Reached skill level 5 in Ranged Weapons
  4184 | D:4      | Reached XP level 6. HP: 18/30 MP: 11/11
  4816 | D:5      | Reached skill level 6 in Ranged Weapons
  4816 | D:5      | Reached XP level 7. HP: 21/33 MP: 11/13
  5017 | D:5      | Reached skill level 5 in Hexes
  6311 | D:5      | Reached skill level 7 in Ranged Weapons
  6810 | D:6      | Reached XP level 8. HP: 33/37 MP: 15/15
  7773 | D:6      | Found Upseed's Fire Supplies.
  7962 | D:6      | Reached skill level 5 in Dodging
  8157 | D:6      | Learned a level 2 spell: Ensorcelled Hibernation
  8162 | D:6      | Learned a level 4 spell: Cause Fear
  8165 | D:6      | Learned a level 2 spell: Passwall
  8300 | D:6      | Reached skill level 8 in Ranged Weapons
  8801 | D:6      | Found a staircase to the Ecumenical Temple.
  8810 | Temple   | Entered the Ecumenical Temple
  8913 | Temple   | Became a worshipper of Elyvilon the Healer
  9133 | D:6      | Found a snail-covered altar of Cheibriados.
  9235 | D:7      | Reached skill level 9 in Ranged Weapons
  9235 | D:7      | Reached skill level 5 in Spellcasting
  9458 | D:7      | Reached * piety under Elyvilon
  9512 | D:7      | Found a hide-covered altar of Uskayaw.
  9739 | D:8      | Reached XP level 9. HP: 42/42 MP: 6/18
  9786 | D:8      | Found a flagged portal.
  9900 | Bailey   | Entered a bailey
  9927 | Bailey   | HP: 2/43 [bullfrog (7)]
  9927 | Bailey   | Slain by a bullfrog

Illustrated notes

Levels and vault maps discovered:
D:1:      minmay_arrival_checkered_box, layout_loops_corners,
          dreamdust_ecumenical_altar_angels_and_demons
D:2:      layout_basic, basic_altar, dreamdust_wishing_well,
          amcnicky_mini_corridor_feature
D:3:      layout_rooms, uniq_robin
D:4:      layout_loops_cross, nemelex_xobeh_ov_fountains_minmay
D:5:      layout_basic
D:6:      layout_gridville, chei_slow_surprise, minmay_temple_entry_ruins,
          nicolae_shop_fire_sale [nicolae_sub_dead_trees], minmay_diced_spiral
D:7:      layout_rooms, eat_drink_and_be_merry_uskayaw,
          dreamdust_princess_bridge
D:8:      layout_basic, enter_bailey_5, sigmund_army
Temple:   compressed_dpeg_triangle_lava_temple
Bailey:   bailey_axe_froggy_fort_hellmonk, bailey

Skill      XL: |  1  2  3  4  5  6  7  8 |
---------------+-------------------------+-----
Dodging        | 3 4 5 |  5.7
Stealth        | 1 2 3 |  3.4
Short Blades   | 1 2 3 4 |  4.3
Ranged Weapons | 3 4 5 6 7 9 |  9.1
Hexes          | 4 5 6 |  6.4
Spellcasting   | 2 3 4 5 |  5.4
Fighting       | 1 2 |  2.5
Fire Magic     | |  0.3
Evocations     | |  0.7

Action                   |  1- 3 |  4- 6 |  7- 9 || total
-------------------------+-------+-------+-------++-------
Melee: Rapier            |       |    28 |    92 ||   120
 Fire: Sling             |   157 |   199 |   193 ||   549
       Shortbow          |       |       |    33 ||    33
 Cast: Slow              |    45 |    46 |    43 ||   134
       Inner Flame       |       |       |     9 ||     9
       Ensorcelled Hiber |       |       |     1 ||     1
       Portal Projectile |       |       |     1 ||     1
Evoke: Wand              |       |       |     6 ||     6
  Use: Scroll            |     5 |     6 |     7 ||    18
       Potion            |       |       |     3 ||     3
Armor: Robe              |       |     2 |    11 ||    13
Dodge: Dodged            |    37 |    56 |   136 ||   229

Table legend: (Time is in decaauts)
 A = Elapsed time spent in this place.
 B = Non-inter-level travel time spent in this place.
 C = Inter-level travel time spent in this place.
 D = Time resting spent in this place.
 E = Time spent auto-exploring this place.
 F = Levels seen in this place.
 G = Mean time per level.
                   A        B        C        D        E       F      G
               +--------+--------+--------+--------+--------+-----+--------+
         Total |   7910 |   7663 |    247 |   2788 |   2909 |  10 |  791.0 |
       Dungeon |   7819 |   7585 |    234 |   2788 |   2909 |   8 |  977.4 |
        Temple |     67 |     54 |     13 |      0 |      0 |   1 |   67.0 |
        Bailey |     23 |     23 |      0 |      0 |      0 |   1 |   23.0 |
               +--------+--------+--------+--------+--------+-----+--------+

Top non-repeatable levels by time:
     D:6: 1767 daAuts
     D:5: 1554 daAuts
     D:4: 1500 daAuts
     D:1: 1285 daAuts
     D:3: 785 daAuts
     D:2: 413 daAuts
     D:7: 366 daAuts
     D:8: 144 daAuts
  Temple: 67 daAuts
  Bailey: 23 daAuts
